 Dungeon Crawl Stone Soup version 0.20.1-1-g8b1a95d (console) character file.

1528139 glaas the Conqueror (level 27, 244/249 HPs)
             Began as a Barachi Fighter on Aug 13, 2017.
             Was a High Priest of Okawaru.
             Escaped with the Orb
             ... and 3 runes on Aug 14, 2017!
             The game lasted 10:33:06 (101728 turns).

glaas the Conqueror (Barachi Fighter)             Turns: 101728, Time: 10:33:06

Health: 244/249    AC: 55    Str: 31    XL:     27
Magic:  36/36      EV: 17    Int:  6    God:    Okawaru [*****.]
Gold:   2748       SH:  0    Dex:  8    Spells: 11/26 levels left

rFire    . . .     SeeInvis .   a - +9 triple crossbow (freeze)
rCold    + . .     Gourm    .   (shield currently unavailable)
rNeg     + . .     Faith    +   J - +10 crystal plate armour "Jolomu" {rN+ Stlth+}
rPois    +         Spirit   .   p - +2 hat {Int+3}
rElec    +         Reflect  .   k - scarf of the Raven {rPois MR+++ Str-5 Int-5}
rCorr    .         Harm     .   G - +2 pair of gloves {archery}
MR       +++++     Clarity  +   v - +2 pair of boots {run}
Stlth    ..........             x - amulet of faith {Faith, !P}
Regen    0.6/turn               d - ring "Imiattube" {Wiz rC+ Str+4 Slay+5}
MPRegen  0.3/turn               o - ring of Huntixtui {rElec AC+2 Str+5 Slay+3}

@: liquid flames, heroism, hasted, glowing, very quick
A: +LOS, swims, antennae 1, talons 1, icy blue scales 1, camouflage 1, clarity,
clumsy 2, slowness 1, weak 2, no potion heal 1, strong legs 2
0: Orb of Zot
}: 3/15 runes: serpentine, barnacled, silver
a: Hop, Heroism, Finesse, Renounce Religion


You escaped.
You worshipped Okawaru.
Okawaru was extremely pleased with you.
You were very full.

You visited 9 branches of the dungeon, and saw 47 of its levels.
You visited the Abyss 1 time.
You visited 1 bazaar.
You also visited: Ice Cave.

You collected 7145 gold pieces.
You spent 4397 gold pieces at shops.

Inventory:

Hand Weapons
 a - a +9 triple crossbow of freezing (weapon)
   (Okawaru gifted it to you on level 1 of the Lair of Beasts)
 b - the +7 arbalest "Dily" {velocity, rF++ rN+++ Str-3 Stlth-}
   (You took it off a vault warden on level 5 of the Vaults)

   Any bolt fired from it inflicts extra damage.
   It affects your strength (-3).
   It greatly protects you from fire.
   It renders you almost immune to negative energy.
   It makes you less stealthy.
Missiles
 e - 2524 bolts (quivered)
 h - 6 throwing nets {=f, !d}
Armour
 k - the scarf of the Raven (worn) {rPois MR+++ Str-5 Int-5}
   (Okawaru gifted it to you on level 3 of the Vaults)

   It affects your strength (-5).
   It affects your intelligence (-5).
   It protects you from poison.
   It affects your resistance to hostile enchantments.
 p - a +2 hat of intelligence (worn)
   (Okawaru gifted it to you on level 2 of the Lair of Beasts)
 v - a +2 pair of boots of running (worn)
   (Okawaru gifted it to you on level 4 of the Vaults)
 G - a +2 pair of gloves of archery (worn)
   (You bought it in a shop on level 7 of the Dungeon)
 J - the +10 crystal plate armour "Jolomu" (worn) {rN+ Stlth+}
   (You found it on level 2 of the Depths)

   It protects you from negative energy.
   It makes you more stealthy.
Jewellery
 d - the ring "Imiattube" (left hand) {Wiz rC+ Str+4 Slay+5}
   (You found it on level 4 of the Depths)

   [ring of wizardry]

   It improves your spell success rate.
   It affects your strength (+4).
   It affects your accuracy and damage with ranged weapons and melee attacks
   (+5).
   It protects you from cold.
 j - an uncursed ring of see invisible {sInv, !d}
   (You found it on level 12 of the Dungeon)
 o - the ring of Huntixtui (right hand) {rElec AC+2 Str+5 Slay+3}
   (You took it off a vault warden on level 5 of the Vaults)

   [ring of protection]

   It affects your AC (+2).
   It affects your strength (+5).
   It affects your accuracy and damage with ranged weapons and melee attacks
   (+3).
   It insulates you from electricity.
 q - an uncursed ring of flight {+Fly, !d}
   (You found it on level 9 of the Dungeon)
 x - an amulet of faith (around neck) {Faith, !P}
   (You found it on level 14 of the Dungeon)
Wands
 c - a wand of acid (6/15)
   (You found it on level 1 of the Realm of Zot)
 z - a wand of digging (17/24)
   (You found it on level 4 of the Vaults)
 D - a wand of confusion (15/48)
   (You found it on level 1 of the Vaults)
 Z - a wand of confusion (19/48)
   (You found it on level 5 of the Vaults)
Scrolls
 m - 4 scrolls of fear
 B - 3 scrolls of blinking {!r}
 F - 4 scrolls of fog
 H - 2 scrolls of holy word {!r}
 I - 2 scrolls of identify
 N - 27 scrolls of remove curse
 O - 6 scrolls of immolation {!r}
 Q - 2 scrolls of recharging
 S - 3 scrolls of silence
 T - 9 scrolls of teleportation
 U - 2 scrolls of summoning
 V - 3 scrolls of vulnerability {!r!r}
Potions
 f - 9 potions of mutation {!q}
 n - 2 potions of flight
 s - 6 potions of haste
 t - 8 potions of heal wounds
 A - 5 potions of agility
 C - 14 potions of curing
 E - 5 potions of resistance
 K - 10 potions of lignification {!q}
 L - 18 potions of brilliance
 M - 7 potions of might
 R - 4 potions of berserk rage {!q}
 W - 2 potions of ambrosia
 X - 9 potions of cancellation
 Y - 3 potions of invisibility
Miscellaneous
 g - a fan of gales
   (You found it on level 1 of the Vaults)
 l - 2 phantom mirrors
 r - a lamp of fire
   (You found it on level 5 of the Depths)
 u - 3 sacks of spiders
 w - a lightning rod (4/4)
   (You found it on level 5 of the Vaults)
 y - a phial of floods
   (You found it on level 4 of the Shoals)
 P - 3 boxes of beasts
Comestibles
 i - 21 meat rations


   Skills:
 O Level 27 Fighting
   Level 9.0(14.0) Long Blades
 - Level 24.6(27) Crossbows
 - Level 23.3(27) Armour
 - Level 23.0(27) Dodging
   Level 3.2(8.2) Shields
 + Level 18.1 Invocations
 - Level 19.0 Evocations


You had 11 spell levels left.
You knew the following spells:

 Your Spells              Type           Power        Failure   Level  Hunger
a - Passage of Golubria   Tloc           N/A          100%        4    #####..
b - Blink                 Tloc           N/A          80%         2    ###....
c - Swiftness             Chrm/Air       #.......     80%         2    ###....
r - Regeneration          Chrm/Necr      #.........   95%         3    ####...
s - Sticks to Snakes      Tmut           #.......     80%         2    ###....
w - Passwall              Tmut/Erth      #.........   80%         2    ###....


Dungeon Overview and Level Annotations

Branches:
Dungeon (15/15)            Temple (1/1) D:5            Lair (6/6) D:11
 Shoals (4/4) Lair:2        Snake (4/4) Lair:2        Slime (0/5) Lair:6
    Orc (2/2) D:11            Elf (0/3) Orc:2        Vaults (5/5) D:13
  Crypt (0/3) Vaults:3     Depths (5/5) D:15            Zot (5/5) Depths:5

Altars:
Ashenzari
Cheibriados
Dithmenos
Elyvilon
Fedhas
Gozag
Hepliaklqana
Kikubaaqudgha
Makhleb
Nemelex Xobeh
Okawaru
Qazlal
Ru
Sif Muna
Trog
Uskayaw
Vehumet
Xom
Yredelemnul
Zin
The Shining One
Beogh
Jiyva

Shops:
D:7 *   D:9 :   Orc:2 *(=[   Shoals:3 %   Depths:1 }=}

Portals:
Hell: Depths:1 Depths:2 Depths:3 Depths:4 Depths:5
Abyss: Depths:1 Depths:4
Pandemonium: Depths:2 Depths:3
Ziggurat: Depths:4

Annotations:
D:8 come back with digging!
D:12 exclusion: 2 doors
Snake:3 exclusion: downstairs
Depths:4 mutation pot!
Zot:3 4 runed doors


Innate Abilities, Weirdness & Mutations

Shadows flee at your approach. (+LOS)
You can swim through water.
You cover ground slowly.
You can hop longer distances.
You have a pair of small antennae on your head.
You have sharp toenails.
You are partially covered in icy blue scales. (AC +2)
Your skin changes colour to match your surroundings (Stealth+).
You possess an exceptional clarity of mind.
You are very clumsy. (Dex -4)
You are very weak. (Str -4)
Potions are less effective at restoring your health.


Message History

The orange demon hits you but does no damage.
Aim: an orange demon You shoot a bolt.
The bolt hits the orange demon!!
The bolt freezes the orange demon.
The orange demon barely misses you. The orange demon closely misses you.
Aim: an orange demon (heavily wounded)
You shoot a bolt.
The bolt completely misses the orange demon.
The orange demon stings you but does no damage.
The orange demon hits you but does no damage.
A smoke demon comes into view.
Aim: an orange demon (heavily wounded)
You shoot a bolt. The bolt hits the orange demon!!!
The bolt freezes the orange demon!
You kill the orange demon!
Okawaru accepts your kill.
Your +9 triple crossbow of freezing stops glowing.
b - the +7 arbalest "Dily" (weapon)
{velocity, rF++ rN+++ Str-3 Stlth-} You climb upwards.
There is a stone staircase leading down here.
Unknown command.
A stone staircase leading down.
This square is covered in magical glow.
An Orb Guardian comes into view.
You gain the combat prowess of a mighty hero.
You are ready to hop once more.
Aim: an Orb Guardian You shoot a bolt.
The bolt closely misses the Orb Guardian.
Aim: an Orb Guardian You shoot a bolt.
The bolt hits the Orb Guardian!
You hear a splash.
Aim: an Orb Guardian (moderately wounded)
You shoot a bolt. The bolt hits the Orb Guardian!!
An Orb Guardian comes into view.
Aim: an Orb Guardian (water)
You shoot a bolt. The bolt hits the Orb Guardian!
You hear a splash.
Aim: an Orb Guardian (moderately wounded)
You shoot a bolt. The bolt hits the Orb Guardian!!
You hear a splash.
Aim: an Orb Guardian (severely wounded)
You shoot a bolt. The bolt hits the Orb Guardian!!
You kill the Orb Guardian!
Okawaru accepts your kill.
You hear a splash.
Aim: an Orb Guardian (heavily wounded)
You shoot a bolt. The bolt hits the Orb Guardian!
You hear a splash.
The Orb Guardian barely misses you.
Aim: an Orb Guardian (almost dead)
You shoot a bolt. The bolt hits the Orb Guardian!
You kill the Orb Guardian!
Okawaru accepts your kill.
An ogre comes into view. It is wielding a giant club.
The ogre shouts!
There is a stone staircase leading up here.
You climb upwards.
There is a stone staircase leading down here.
There is a stone staircase leading up here.
You climb upwards.
There is a stone staircase leading down here.
You feel like a meek peon again.
There is a stone staircase leading up, spattered with blood here.
You climb upwards.
There is a stone staircase leading down here.
You see here a club.
There is an open door here.
A smoke demon comes into view.
There is a stone staircase leading up here.
You climb upwards.
A giant cockroach comes into view.
There is a stone staircase leading down here.
Aim: a giant cockroach (clinging)
You shoot a bolt.
The bolt barely misses the giant cockroach.
The giant cockroach bites you but does no damage.
Aim: a giant cockroach (clinging)
You shoot a bolt. The bolt hits the giant cockroach!!
You kill the giant cockroach!
You feel yourself speed up.
The rock shatters into small pieces.
This wand has 18 charges left.
You gain the combat prowess of a mighty hero.
The rock shatters into small pieces.
This wand has 17 charges left.
A bat and a goblin come into view.
A smoke demon comes into view.
The goblin shouts!
The smoke demon roars!
The smoke demon gestures at you. The ball of steam hits you! You resist.
The bat closely misses you. The goblin misses you.
The smoke demon gestures at you. The sticky flame hits you!
You are covered in liquid flames!
There is a staircase leading out of the dungeon here.
Unknown command.
Your +9 triple crossbow of freezing is covered in frost.
a - a +9 triple crossbow of freezing (weapon)
You are covered in liquid flames!
You are engulfed in a cloud of scalding steam.
You are covered in liquid flames!
The bat hits you but does no damage. The goblin hits you but does no damage.
You have escaped!

.....#.##
#รท.#......... #.###.##
#..........## #.##.##
###.######.# ..#.## #.#
#.# ##.## #.# #.# ..##
#.######.# ..#
#.....##.# ..#
#####.##.## ..#
#....##.## ..#
#.......## ..#
#....##.## ..#
##.#..)... ..####
#.#....## .....#
#........ #.##.#
#...##### #.##.#
##.......# ..##.#
#....###.# ####.#
#....###.# #.#
#......... #.#
##############....###.#
####.#
#.................###.#


You could see an Orb Guardian, a goblin and a bat.

Vanquished Creatures
  7 orbs of fire
  Mara (Vaults:1)
  Mennas (Vaults:1)
  A juggernaut (Depths:5)
  6 ancient liches
  Saint Roka (Orc:1)
  9 curse toes
  7 Killer Klowns (Zot:5)
  Margery (Vaults:3)
  Xtahua (Depths:3)
  12 golden dragons
  3 bone dragons
  4 electric golems
  Jorgrun (Shoals:3)
  10 liches
  17 tentacled monstrosities
  27 Orb Guardians
  4 titans
  Polyphemus (Shoals:2)
  6 quicksilver dragons
  A deep elf blademaster (Depths:2)
  8 death cobs
  A kraken (Shoals:3)
  11 sphinxes
  A tentacled starspawn (Abyss:4)
  6 shadow dragons
  Roxanne (Snake:1)
  7 draconian monks
  8 tengu reavers
  Ilsuiw (Shoals:4)
  19 storm dragons
  13 nagarajas
  20 frost giants
  8 draconian knights
  16 fire giants
  13 vault wardens
  5 draconian scorchers
  8 draconian shifters
  2 orc warlords (Depths:2)
  3 iron dragons
  A balrug (Abyss:4)
  4 deep elf sorcerers
  5 ghost moths
  11 draconian stormcallers
  37 very ugly things
  7 draconian annihilators
  A ghoul (D:13)
  22 ironheart preservers
  A spriggan defender (Depths:4)
  3 vampire knights
  5 entropy weavers
  24 stone giants
  An ophan (Abyss:4)
  12 red draconians
  7 deep elf demonologists
  13 black draconians
  5 deep elf annihilators
  15 purple draconians
  18 white draconians
  A dire elephant (Lair:6)
  10 yellow draconians
  16 green draconians
  9 spark wasps
  A blizzard demon (IceCv)
  23 ettins
  4 deep elf death magi
  9 merfolk impalers
  9 fire dragons
  3 merfolk javelineers (Shoals:4)
  2 deep elf high priests
  9 rakshasas
  22 ogre magi
  11 great orbs of eyes
  A hell beast (Depths:2)
  25 yaktaur captains
  31 vault guards
  A catoblepas (Shoals:3)
  9 hydras
  11 ice dragons
  5 spriggan air magi
  12 anacondas
  23 naga warriors
  Erica (Lair:1)
  13 centaur warriors
  5 merfolk avatars
  An anaconda (shapeshifter) (Vaults:4)
  2 alligator snapping turtles (Shoals:4)
  5 death yaks
  5 death knights
  4 satyrs
  A satyr (shapeshifter) (D:15)
  82 two-headed ogres
  Urug (D:10)
  6 merfolk aquamancers
  2 hell hogs (Depths:3)
  8 deep troll shamans
  A queen ant (shapeshifter) (Vaults:5)
  3 spriggan berserkers
  A queen ant (Lair:6)
  9 deep troll earth magi
  5 tengu warriors
  A shock serpent (shapeshifter) (Vaults:1)
  11 naga sharpshooters
  An orc high priest (Orc:2)
  8 shock serpents
  2 thrashing horrors (Abyss:4)
  26 hell knights
  3 sun demons
  11 deep elf knights
  2 iron trolls
  2 shadow wraiths
  5 salamander mystics
  4 skeletal warriors
  A death drake (shapeshifter) (Vaults:5)
  4 unseen horrors
  A cherub (Zot:5)
  24 sea snakes
  14 deep elf archers
  2 flayed ghosts (Depths:1)
  22 deep trolls
  An infernal demonspawn (Depths:2)
  The ghost of Vyse the Cudgeler, a novice TrGl (D:8)
  20 ironbrand convokers
  An obsidian statue (Snake:4)
  5 glowing orange brains
  8 naga ritualists
  4 phantasmal warriors
  6 wizards
  A lindwurm (Lair:6)
  9 necromancers
  A harpy (shapeshifter) (Vaults:1)
  17 harpies
  5 orc sorcerers
  3 wolf spiders
  13 mana vipers
  3 mana vipers (shapeshifter)
  9 cyclopes
  15 manticores
  18 deep elf magi
  A manticore (shapeshifter) (Depths:3)
  15 fauns
  105 ugly things
  28 orc knights
  A moth of wrath (shapeshifter) (Depths:1)
  20 salamanders
  35 moths of wrath
  A worldbinder (Abyss:4)
  14 elephants
  8 merfolk sirens
  A guardian serpent (shapeshifter) (D:15)
  27 naga magi
  A smoke demon (Abyss:4)
  2 rust devils
  4 centaur zombies
  2 orange demons
  13 guardian serpents
  11 water nymphs
  A black mamba (shapeshifter) (Depths:3)
  A storm dragon simulacrum (Vaults:2)
  2 ice statues (IceCv)
  5 torpor snails (Lair:2)
  56 black mambas
  19 spiny frogs
  6 centaur skeletons
  Psyche (D:7)
  10 vault sentinels
  2 spiny frogs (shapeshifter)
  2 gargoyles
  2 kobold demonologists
  7 komodo dragons
  74 yaktaurs
  5 rime drakes (Lair:6)
  A demonic crawler (Abyss:4)
  4 guardian mummies (Depths:1)
  13 freezing wraiths
  13 ice devils
  3 tengu conjurers
  A hellwing (Depths:2)
  5 red devils
  26 merfolk
  A meliai (shapeshifter) (Vaults:3)
  7 hornets
  A large abomination (Abyss:4)
  5 polar bears
  6 trolls
  A jumping spider (shapeshifter) (Depths:5)
  6 wind drakes
  Grinder (D:6)
  8 slime creatures
  A blink frog (shapeshifter) (Vaults:4)
  5 blink frogs
  A raiju (Abyss:4)
  A slime creature (shapeshifter) (Vaults:4)
  2 hippogriffs (shapeshifter)
  9 snapping turtles
  15 hippogriffs
  17 dream sheep
  13 air elementals
  A tarantella (Vaults:1)
  A tarantella (shapeshifter) (Depths:5)
  8 wraiths
  5 wyverns
  Sigmund (D:6)
  A spriggan (shapeshifter) (Vaults:1)
  30 water elementals
  2 yaks (shapeshifter)
  2 shadows
  A vampire (D:15)
  2 redbacks
  8 starcursed masses (Abyss:4)
  A centaur simulacrum (D:15)
  A human (D:7)
  4 hungry ghosts
  46 yaks
  A basilisk (shapeshifter) (Depths:2)
  4 hogs
  2 basilisks
  2 chaos spawn (Abyss:4)
  2 small abominations (Abyss:4)
  4 vampire mosquitoes (D:14)
  Edmund (D:6)
  2 swamp worms (shapeshifter)
  Menkaure (D:6)
  61 nagas
  A soldier ant (shapeshifter) (Vaults:4)
  A naga (shapeshifter) (Vaults:2)
  6 wargs
  3 acid dragons
  8 hell hounds (Depths:3)
  8 soldier ants (Lair:6)
  7 water moccasins
  8 porcupines
  55 orc warriors
  3 black bears
  5 ice beasts
  3 sky beasts
  An eye of draining (shapeshifter) (Vaults:1)
  3 phantoms
  52 ogres
  3 eyes of draining
  3 necrophages
  17 boggarts
  28 centaurs
  11 crocodiles
  3 big kobolds
  10 bullfrogs
  A wyvern skeleton (D:14)
  6 scorpions
  A water moccasin skeleton (D:11)
  7 killer bees
  5 howler monkeys
  15 wights
  3 electric eels
  2 bullfrog zombies
  11 crimson imps
  6 hounds
  8 jellies
  3 quasits
  3 bullfrog skeletons
  30 orc priests
  An iron imp (Abyss:4)
  Crazy Yiuf (D:4)
  4 iguanas
  Ijyb (D:4)
  37 orc wizards
  30 worker ants
  A hound skeleton (D:7)
  4 mummies (Depths:1)
  2 worker ant zombies
  A gnoll (D:2)
  16 adders
  5 shadow imps
  7 white imps
  6 ufetubi (IceCv)
  3 oozes
  2 adder zombies
  An adder skeleton (D:5)
  5 worms
  4 dart slugs
  8 leopard geckos
  124 orcs
  2 giant cockroaches
  10 goblins
  8 hobgoblins
  11 jackals
  21 kobolds
  7 quokkas
  2 ball pythons (D:4)
  8 bats
  4 frilled lizards
  A quokka skeleton (D:5)
  9 rats
  3 plants
  A tentacle (Shoals:3)
2682 creatures vanquished.

Vanquished Creatures (collateral kills)
  An orc knight (Vaults:1)
  A redback (Vaults:1)
  3 orcs (Vaults:1)
5 creatures vanquished.

Vanquished Creatures (others)
  A black draconian (Depths:5)
  A deep elf knight (Depths:2)
  A moth of wrath (Zot:5)
  A black mamba (Snake:4)
  A yaktaur (Vaults:2)
  A hippogriff (D:8)
  An air elemental (Depths:5)
  2 ogres
  An orc priest (Orc:1)
  A hound (D:8)
  5 white imps (IceCv)
  2 ufetubi (IceCv)
  A ball lightning (Abyss:4)
  3 jackals (D:8)
  A bush (Lair:4)
  25 fungi
  97 plants
  4 starspawn tentacles (Abyss:4)
  12 tentacles (Shoals:3)
161 creatures vanquished.

Grand Total: 2848 creatures vanquished

Notes
Turn   | Place    | Note
-------+----------+-------------------------------------------
     0 | D:1      | glaas the Barachi Fighter began the quest for the Orb.
     0 | D:1      | Reached XP level 1. HP: 18/18 MP: 1/1
     0 | D:1      | ok learned my lesson not hunter
   129 | D:1      | Reached skill level 3 in Long Blades
   181 | D:1      | Reached XP level 2. HP: 24/24 MP: 2/2
   690 | D:1      | Reached skill level 4 in Long Blades
   721 | D:1      | Reached XP level 3. HP: 29/29 MP: 3/3
  1406 | D:2      | Found a hazy altar of Hepliaklqana.
  1406 | D:2      | Found an ancient bone altar of Kikubaaqudgha.
  1828 | D:2      | Reached skill level 5 in Long Blades
  1870 | D:2      | Reached XP level 4. HP: 35/36 MP: 4/4
  2929 | D:2      | Reached skill level 6 in Long Blades
  2929 | D:2      | Reached XP level 5. HP: 40/41 MP: 5/5
  3461 | D:3      | Found a glowing golden altar of the Shining One.
  4133 | D:3      | Found an iron altar of Okawaru.
  4207 | D:3      | Became a worshipper of Warmaster Okawaru
  4358 | D:3      | Reached skill level 4 in Fighting
  4358 | D:3      | Reached skill level 7 in Long Blades
  4358 | D:3      | Reached XP level 6. HP: 28/48 MP: 6/6
  4488 | D:4      | Noticed Ijyb
  4861 | D:4      | Killed Ijyb
  4863 | D:4      | Got a spiked buckler
  4879 | D:3      | Identified the cursed +0 buckler "Amonac" {Regen+} (You took it off Ijyb on level 4 of the Dungeon)
  5091 | D:4      | Reached skill level 5 in Fighting
  5285 | D:4      | Found a runed door.
  5318 | D:5      | Entered Level 5 of the Dungeon
  5362 | D:5      | Got a transparent mace
  5389 | D:5      | Identified the cursed +1 mace of Tender Mercy {flame, Str+2} (You found it on level 5 of the Dungeon)
  5642 | D:5      | Reached skill level 6 in Fighting
  5720 | D:5      | Reached XP level 7. HP: 57/59 MP: 7/7
  5735 | D:5      | Found a burning altar of Makhleb.
  5992 | D:5      | Reached skill level 7 in Fighting
  6089 | D:5      | Reached * piety under Okawaru
  6196 | D:5      | Found a snail-covered altar of Cheibriados.
  6356 | D:5      | Found a deep blue altar of Sif Muna.
  6503 | D:5      | Found a staircase to the Ecumenical Temple.
  6540 | Temple   | Entered the Ecumenical Temple
  6818 | D:6      | Got a crude hand crossbow
  6887 | D:6      | Identified the cursed +0 hand crossbow of Immorality {elec, Int+7} (You found it on level 6 of the Dungeon)
  6934 | D:6      | Reached skill level 8 in Fighting
  6991 | D:6      | Noticed Sigmund
  7011 | D:6      | Killed Sigmund
  7011 | D:6      | Reached skill level 9 in Fighting
  7011 | D:6      | Reached XP level 8. HP: 65/71 MP: 6/8
  7068 | D:6      | Found Zujoshu's Distillery.
  7070 | D:6      | Noticed Grinder
  7075 | D:6      | Paralysed by Grinder for 7 turns
  7091 | D:6      | Killed Grinder
  7091 | D:6      | Reached ** piety under Okawaru
  7091 | D:6      | Reached skill level 10 in Fighting
  7172 | D:6      | Noticed Edmund
  7189 | D:6      | Killed Edmund
  7250 | D:6      | Bought a potion of haste for 110 gold pieces
  7250 | D:6      | Bought a potion of lignification for 33 gold pieces
  7303 | D:6      | Found a shattered altar of Ashenzari.
  7311 | D:6      | Noticed Menkaure
  7649 | D:6      | Reached skill level 4 in Armour
  7649 | D:6      | Reached skill level 1 in Dodging
  7786 | D:7      | Found Iloiroe Puupt's General Store.
  7825 | D:7      | Reached skill level 2 in Dodging
  8019 | D:7      | Bought a potion of curing for 42 gold pieces
  8019 | D:7      | Bought a scroll of identify for 28 gold pieces
  8053 | D:7      | Reached skill level 1 in Crossbows
  8131 | D:7      | Reached XP level 9. HP: 66/79 MP: 9/9
  8135 | D:7      | Reached skill level 5 in Armour
  8367 | D:6      | Reached skill level 3 in Dodging
  8386 | D:6      | Reached skill level 2 in Crossbows
  8711 | D:6      | Reached *** piety under Okawaru
  8837 | D:6      | Reached skill level 4 in Dodging
  8840 | D:6      | Gained mutation: You are dopey. (Int -2) [mutagenic meat]
  8841 | D:6      | Gained mutation: You are very dopey. (Int -4) [mutagenic meat]
  8842 | D:6      | Gained mutation: You are agile. (Dex +2) [mutagenic meat]
  8843 | D:6      | Gained mutation: You tend to lose your temper in combat. [mutagenic meat]
  8844 | D:6      | Gained mutation: Your flesh is cold resistant. (rC+) [mutagenic meat]
  8969 | D:6      | Killed Menkaure
  8969 | D:6      | Reached skill level 3 in Crossbows
  9030 | D:7      | Reached skill level 6 in Armour
  9109 | D:7      | Reached skill level 8 in Long Blades
  9766 | D:7      | Reached skill level 5 in Dodging
  9770 | D:7      | Reached skill level 4 in Crossbows
  9771 | D:7      | Reached skill level 7 in Armour
  9773 | D:7      | Reached XP level 10. HP: 68/86 MP: 10/10
 10159 | D:8      | Noticed Psyche
 10188 | D:7      | Reached skill level 1 in Invocations
 10213 | D:7      | Paralysed by Psyche for 6 turns
 10223 | D:7      | Killed Psyche
 10223 | D:7      | Reached **** piety under Okawaru
 10223 | D:7      | Reached skill level 9 in Long Blades
 10377 | D:8      | Found a hide-covered altar of Uskayaw.
 10405 | D:8      | Reached skill level 5 in Crossbows
 10443 | D:8      | Reached skill level 6 in Dodging
 10570 | D:7      | Reached skill level 2 in Invocations
 10646 | D:8      | Found a glowing silver altar of Zin.
 10687 | D:8      | Noticed Vyse's ghost (novice TrGl)
 10722 | D:8      | Killed Vyse's ghost
 11146 | D:8      | Found a stormy altar of Qazlal.
 11374 | D:8      | Reached skill level 3 in Invocations
 11674 | D:9      | Reached skill level 6 in Crossbows
 11715 | D:9      | Noticed a two-headed ogre
 11858 | D:9      | Killed a two-headed ogre
 11858 | D:9      | Received a gift from Okawaru
 11858 | D:9      | Reached skill level 7 in Dodging
 11950 | D:8      | Reached ***** piety under Okawaru
 12067 | D:8      | Reached skill level 7 in Crossbows
 12221 | D:9      | Reached XP level 11. HP: 92/92 MP: 13/13
 12243 | D:9      | Found Ajaat's Book Boutique.
 12284 | D:9      | Noticed a two-headed ogre
 12292 | D:9      | Killed a two-headed ogre
 12292 | D:9      | Received a gift from Okawaru
 12292 | D:9      | Reached skill level 8 in Dodging
 12335 | D:9      | Noticed a two-headed ogre
 12343 | D:9      | Killed a two-headed ogre
 12343 | D:9      | Received a gift from Okawaru
 12695 | D:9      | Reached skill level 8 in Crossbows
 12697 | D:9      | Reached skill level 9 in Dodging
 12864 | D:9      | Received a gift from Okawaru
 13045 | D:10     | Entered Level 10 of the Dungeon
 13073 | D:10     | Noticed a cyan ugly thing
 13500 | D:10     | Noticed a two-headed ogre
 13502 | D:10     | ugh typing too fast
 13512 | D:10     | Killed a two-headed ogre
 13801 | D:7      | Bought a +2 pair of gloves of archery for 301 gold pieces
 14465 | D:11     | Noticed a manticore
 14559 | D:11     | Killed a manticore
 14559 | D:11     | Reached skill level 9 in Crossbows
 14559 | D:11     | Reached skill level 10 in Dodging
 14741 | D:11     | Received a gift from Okawaru
 15113 | D:11     | Reached skill level 8 in Armour
 15209 | D:11     | Noticed an orc knight
 15222 | D:11     | Killed an orc knight
 15304 | D:11     | Found a roughly hewn altar of Beogh.
 15304 | D:11     | Found a staircase to the Orcish Mines.
 15455 | D:11     | Noticed a seven-headed hydra
 15466 | D:11     | Killed a seven-headed hydra
 15466 | D:11     | Reached XP level 12. HP: 95/98 MP: 14/14
 15544 | D:11     | Found a staircase to the Lair.
 15561 | D:11     | Reached skill level 10 in Crossbows
 15577 | D:11     | Noticed Urug
 15690 | D:10     | Reached skill level 9 in Armour
 15707 | D:10     | Killed Urug
 15829 | D:11     | Reached skill level 10 in Armour
 16153 | D:12     | Noticed a centaur warrior
 16164 | D:12     | Killed a centaur warrior
 16562 | D:12     | Reached skill level 4 in Invocations
 16567 | D:12     | Reached skill level 11 in Fighting
 16670 | D:12     | Noticed a centaur warrior
 16683 | D:12     | Killed a centaur warrior
 16683 | D:12     | Received a gift from Okawaru
 16688 | D:12     | Gained mutation: Armour fits poorly on your strangely shaped body. [mutagenic meat]
 16808 | D:12     | Reached skill level 11 in Armour
 16896 | D:12     | Reached skill level 5 in Invocations
 16905 | D:12     | Lost mutation: You are very dopey. (Int -4) [mutagenic meat]
 17539 | D:12     | Lost mutation: You are agile. (Dex +2) [potion of mutation]
 17539 | D:12     | Lost mutation: You are dopey. (Int -2) [potion of mutation]
 17539 | D:12     | Lost mutation: Armour fits poorly on your strangely shaped body. [potion of mutation]
 17539 | D:12     | Lost mutation: You tend to lose your temper in combat. [potion of mutation]
 17539 | D:12     | Lost mutation: Your flesh is cold resistant. (rC+) [potion of mutation]
 17539 | D:12     | Gained mutation: Armour fits poorly on your strangely shaped body. [potion of mutation]
 17539 | D:12     | Gained mutation: Your skin changes colour to match your surroundings (Stealth+). [potion of mutation]
 17539 | D:12     | Gained mutation: You are partially covered in icy blue scales. (AC +2) [potion of mutation]
 17539 | D:12     | Gained mutation: You are agile. (Dex +2) [potion of mutation]
 17689 | D:6      | Bought a potion of invisibility for 88 gold pieces
 17784 | Lair:1   | Entered Level 1 of the Lair of Beasts
 17789 | Lair:1   | Received a gift from Okawaru
 17789 | Lair:1   | Reached skill level 12 in Fighting
 17848 | Lair:1   | Noticed Erica
 17858 | Lair:1   | Killed Erica
 17858 | Lair:1   | Reached skill level 6 in Invocations
 17930 | Lair:1   | Gained mutation: You can hop longer distances. [Barachi growth]
 17930 | Lair:1   | Reached XP level 13. HP: 109/109 MP: 17/17
 18544 | Lair:1   | Reached skill level 13 in Fighting
 19169 | Lair:1   | Received a gift from Okawaru
 19229 | Lair:1   | Reached skill level 14 in Fighting
 19430 | Lair:2   | Learned a level 2 spell: Passwall
 19777 | Lair:2   | Found a staircase to the Snake Pit.
 20321 | Lair:2   | Reached skill level 15 in Fighting
 20352 | Lair:2   | Found a snail-covered altar of Cheibriados.
 20772 | Lair:2   | Found a staircase to the Shoals.
 20851 | Lair:3   | You fall through a shaft!
 20869 | Lair:4   | Got a pair of transparent boots
 20880 | Lair:4   | Identified the cursed +0 pair of boots of Oxkeetwy {Int+5} (You found it on level 4 of the Lair of Beasts)
 20987 | Lair:4   | Found a shimmering altar of Xom.
 21263 | Lair:3   | Reached skill level 16 in Fighting
 21904 | Lair:3   | You fall through a shaft for 2 floors!
 21975 | Lair:4   | Received a gift from Okawaru
 22446 | Lair:4   | Got a crude ring mail
 22450 | Lair:4   | Identified the +2 ring mail "Hecyxt" {Str+6} (You found it on level 4 of the Lair of Beasts)
 22562 | Lair:4   | Received a gift from Okawaru
 22562 | Lair:4   | Reached XP level 14. HP: 114/125 MP: 18/18
 22563 | Lair:4   | Got a crystal falchion {god gift}
 22578 | Lair:4   | Identified the +2 falchion of Courage {slice, rN+} (Okawaru gifted it to you on level 4 of the Lair of Beasts)
 23840 | Lair:5   | Reached skill level 12 in Armour
 24051 | Lair:6   | Entered Level 6 of the Lair of Beasts
 24063 | Lair:6   | Reached skill level 11 in Dodging
 24403 | Lair:6   | Received a gift from Okawaru
 24573 | Lair:6   | Noticed a dire elephant
 24620 | Lair:6   | Killed a dire elephant
 24961 | Lair:5   | Reached skill level 17 in Fighting
 25110 | Lair:5   | agh
 25245 | Lair:6   | Received a gift from Okawaru
 25292 | Lair:6   | Learned a level 3 spell: Regeneration
 25367 | Lair:6   | Reached skill level 12 in Dodging
 25657 | Lair:6   | Noticed an entropy weaver
 25658 | Lair:6   | what!
 25667 | Lair:6   | Killed an entropy weaver
 25778 | Lair:6   | Received a gift from Okawaru
 26317 | Lair:6   | Reached skill level 18 in Fighting
 26325 | Lair:6   | Reached XP level 15. HP: 108/136 MP: 19/19
 26342 | Lair:6   | Reached skill level 13 in Dodging
 26795 | Lair:6   | Got a ring of the Octopus King
 26797 | Lair:6   | Identified a ring of the Octopus King {rN+ AC+1 EV+1 Str+1 Int+1 Dex+1} (You found it on level 6 of the Lair of Beasts)
 26808 | Lair:6   | Learned a level 2 spell: Sticks to Snakes
 26818 | Lair:6   | Got a slimy leather armour
 26829 | Lair:6   | Identified the +1 leather armour "Funlatol" {rPois Int+8 Dex-4 SInv} (You found it on level 6 of the Lair of Beasts)
 27097 | Lair:6   | Found a viscous altar of Jiyva.
 27097 | Lair:6   | Found a staircase to the Slime Pits.
 27238 | Lair:1   | oh i dropped the wrong one. i guess it's not a big deal
 27238 | Lair:1   | i don't want to go back down there
 28400 | D:13     | Learned a level 2 spell: Blink
 28457 | D:13     | Found a gate to the Vaults.
 28458 | D:13     | woah
 28721 | D:13     | Reached skill level 14 in Dodging
 28765 | D:13     | Reached skill level 19 in Fighting
 28772 | D:13     | Received a gift from Okawaru
 29304 | D:15     | Entered Level 15 of the Dungeon
 29542 | D:15     | could have gone worse for sure
 29542 | D:15     | a risky play
 30085 | D:14     | Received a gift from Okawaru
 30632 | D:14     | Gained mutation: You possess an exceptional clarity of mind. [mutagenic meat]
 30639 | D:14     | Gained mutation: You have sharp toenails. [mutagenic meat]
 30640 | D:14     | Gained mutation: Your magical capacity is low. (-10% MP) [mutagenic meat]
 30891 | D:15     | Reached skill level 15 in Dodging
 31014 | D:15     | Reached XP level 16. HP: 102/147 MP: 18/18
 31288 | D:14     | Received a gift from Okawaru
 31508 | D:15     | Found a staircase to the Depths.
 31526 | D:15     | Lost mutation: Armour fits poorly on your strangely shaped body. [mutagenic meat]
 31852 | D:15     | Reached skill level 1 in Evocations
 31995 | D:15     | Received a gift from Okawaru
 31996 | D:15     | Got a pair of spiked gloves {god gift}
 32029 | D:14     | Identified the +2 pair of gloves of the World {MP+9} (Okawaru gifted it to you on level 15 of the Dungeon)
 32199 | D:14     | Reached skill level 2 in Evocations
 32605 | D:15     | Found a sacrificial altar of Ru.
 32915 | D:12     | Reached skill level 20 in Fighting
 33100 | D:4      | Noticed Crazy Yiuf
 33104 | D:4      | Killed Crazy Yiuf
 33343 | Orc:1    | Entered Level 1 of the Orcish Mines
 33880 | Orc:1    | Reached skill level 3 in Evocations
 34065 | Orc:1    | Reached skill level 13 in Armour
 34264 | Orc:2    | Entered Level 2 of the Orcish Mines
 34725 | Orc:2    | Found a staircase to the Elven Halls.
 35283 | Orc:2    | Noticed Saint Roka
 35620 | Orc:2    | Reached skill level 4 in Evocations
 35673 | Orc:1    | Killed Saint Roka
 35929 | Orc:2    | Found a roughly hewn altar of Beogh.
 36039 | Orc:2    | Found Piul's Jewellery Boutique.
 36039 | Orc:2    | Found Ykuzoik's General Store.
 36066 | Orc:2    | Found Qohinen's Antique Weapon Boutique.
 36093 | Orc:2    | Found Fuwnime's Antique Armour Boutique.
 36261 | Orc:2    | Bought a potion of heal wounds for 60 gold pieces
 36618 | D:6      | Bought a potion of cancellation for 88 gold pieces
 36618 | D:6      | Bought a potion of agility for 44 gold pieces
 36618 | D:6      | Bought a potion of mutation for 88 gold pieces
 36618 | D:6      | Bought a potion of resistance for 110 gold pieces
 36618 | D:6      | Bought a potion of ambrosia for 88 gold pieces
 36633 | D:7      | Bought a scroll of magic mapping for 49 gold pieces
 36744 | Snake:1  | Entered Level 1 of the Snake Pit
 36753 | Lair:2   | Reached skill level 5 in Evocations
 36888 | Snake:1  | Received a gift from Okawaru
 36997 | Snake:1  | Found a frozen archway.
 37012 | IceCv    | Entered an ice cave
 37356 | IceCv    | Received a gift from Okawaru
 38133 | IceCv    | Got a shimmering demon trident
 38134 | IceCv    | Identified the +7 demon trident of Beergh {venom, +Rage} (You found it in an ice cave)
 38163 | IceCv    | huh never had this one before. i thought i was going to face a fiend
 38270 | Snake:1  | Reached skill level 6 in Evocations
 38277 | Snake:1  | Received a gift from Okawaru
 38618 | Snake:1  | Noticed Roxanne
 38782 | Snake:1  | Received a gift from Okawaru
 38787 | Snake:1  | Reached XP level 17. HP: 147/155 MP: 17/19
 38972 | Snake:1  | Received a gift from Okawaru
 39166 | Snake:1  | Reached skill level 14 in Armour
 39337 | Lair:2   | Reached skill level 11 in Crossbows
 39344 | Lair:2   | Received a gift from Okawaru
 39423 | Snake:2  | Reached ****** piety under Okawaru
 40737 | Snake:3  | phew
 40935 | Snake:3  | Reached skill level 16 in Dodging
 42132 | Snake:3  | Reached skill level 7 in Evocations
 42272 | Snake:3  | Received a gift from Okawaru
 42462 | Snake:3  | Learned a level 4 spell: Passage of Golubria
 42508 | Snake:4  | Entered Level 4 of the Snake Pit
 42630 | Shoals:1 | Entered Level 1 of the Shoals
 42640 | Lair:2   | Reached skill level 12 in Crossbows
 44294 | Shoals:2 | Received a gift from Okawaru
 44421 | Shoals:2 | Reached skill level 13 in Crossbows
 44816 | Shoals:2 | Reached XP level 18. HP: 146/162 MP: 21/21
 45019 | Shoals:2 | Got a distressingly furry robe
 45172 | Shoals:2 | Received a gift from Okawaru
 45772 | Shoals:3 | Noticed Polyphemus
 46254 | Shoals:2 | Killed Polyphemus
 46254 | Shoals:2 | Reached skill level 14 in Crossbows
 46354 | Shoals:3 | Found Syfydav's Food Emporium.
 46576 | Shoals:3 | Noticed Jorgrun
 46731 | Shoals:3 | Received a gift from Okawaru
 46733 | Shoals:3 | Got an ancient buckler {god gift}
 46744 | Shoals:3 | Identified the +2 buckler of the Locust {-Cast rPois rN++ rCorr Str+4} (Okawaru gifted it to you on level 3 of the Shoals)
 46924 | Shoals:3 | Killed Jorgrun
 47756 | Shoals:4 | Entered Level 4 of the Shoals
 47868 | Shoals:4 | Reached skill level 15 in Crossbows
 49052 | Shoals:4 | Received a gift from Okawaru
 49055 | Shoals:4 | Got a translucent hand crossbow {god gift}
 49058 | Shoals:3 | Identified the +1 hand crossbow of the Revolution {speed, Dex+3} (Okawaru gifted it to you on level 4 of the Shoals)
 49247 | Shoals:4 | Noticed Ilsuiw
 49429 | Shoals:3 | Reached skill level 16 in Crossbows
 50308 | Shoals:4 | Received a gift from Okawaru
 50661 | Shoals:4 | Received a gift from Okawaru
 50781 | Shoals:4 | Killed Ilsuiw
 50966 | Shoals:4 | Reached XP level 19. HP: 156/169 MP: 21/21
 51068 | Shoals:4 | Got a barnacled rune of Zot
 51467 | Snake:3  | Reached skill level 17 in Crossbows
 52524 | Snake:4  | Received a gift from Okawaru
 52695 | Snake:4  | Reached skill level 15 in Armour
 52698 | Snake:4  | Reached skill level 7 in Invocations
 53336 | Snake:4  | seriously?
 53590 | Snake:4  | Reached skill level 8 in Invocations
 53803 | Snake:4  | what the fuck the whole level is coming after me in this spot
 53820 | Snake:4  | Reached skill level 17 in Dodging
 54188 | Snake:3  | Received a gift from Okawaru
 54495 | Snake:3  | Received a gift from Okawaru
 54716 | Snake:3  | Reached skill level 16 in Armour
 54842 | Snake:4  | Reached skill level 9 in Invocations
 55176 | Snake:4  | Reached XP level 20. HP: 178/178 MP: 21/24
 55310 | Snake:4  | Received a gift from Okawaru
 55932 | Snake:4  | Found a deep blue altar of Sif Muna.
 56102 | Snake:4  | Got a serpentine rune of Zot
 56460 | D:12     | Reached skill level 10 in Invocations
 56573 | Vaults:1 | Entered Level 1 of the Vaults
 56736 | Vaults:1 | oogs
 56805 | Vaults:1 | Reached skill level 17 in Armour
 56952 | Vaults:1 | Received a gift from Okawaru
 57435 | Vaults:1 | Received a gift from Okawaru
 57446 | D:13     | so that idea didn't work out so well
 57761 | Vaults:1 | Reached skill level 11 in Invocations
 58387 | Vaults:1 | Reached skill level 18 in Armour
 59144 | Vaults:1 | Received a gift from Okawaru
 59503 | Vaults:1 | Reached XP level 21. HP: 176/184 MP: 26/26
 59739 | Vaults:1 | Reached skill level 12 in Invocations
 60415 | Vaults:2 | Reached skill level 21 in Fighting
 60567 | Vaults:2 | oops
 60673 | Vaults:2 | Received a gift from Okawaru
 60880 | Vaults:2 | Reached skill level 18 in Crossbows
 61583 | Vaults:2 | Noticed Mara
 61600 | Vaults:2 | Noticed glaas's illusion
 61647 | Vaults:1 | Received a gift from Okawaru
 61730 | Vaults:2 | Noticed Mennas
 61731 | Vaults:2 | hah
 61765 | Vaults:1 | Killed Mennas
 61765 | Vaults:1 | Received a gift from Okawaru
 61774 | Vaults:1 | Got a steaming large shield
 61777 | Vaults:1 | Identified the +0 large shield of the Princeling {rCorr Dex+9} (You took it off Mennas on level 1 of the Vaults)
 62199 | Vaults:2 | Received a gift from Okawaru
 62396 | Vaults:2 | Reached skill level 22 in Fighting
 63283 | Vaults:3 | Reached XP level 22. HP: 196/196 MP: 27/27
 63713 | Vaults:3 | Reached skill level 19 in Crossbows
 63731 | Vaults:3 | Received a gift from Okawaru
 63784 | Vaults:3 | Noticed Margery
 63857 | Vaults:3 | Received a gift from Okawaru
 63950 | Vaults:3 | Received a gift from Okawaru
 64150 | Vaults:3 | Found a staircase to the Crypt.
 64318 | Vaults:3 | Received a gift from Okawaru
 64334 | Vaults:3 | Reached skill level 23 in Fighting
 64727 | Vaults:3 | Received a gift from Okawaru
 64733 | Vaults:3 | Paralysed by a sphinx for 4 turns
 64930 | Vaults:3 | Received a gift from Okawaru
 64931 | Vaults:3 | Got an ichor-stained scarf {god gift}
 65006 | Vaults:3 | Identified the scarf of the Raven {rPois MR+++ Str-5 Int-5} (Okawaru gifted it to you on level 3 of the Vaults)
 65737 | Vaults:1 | Killed Mara
 66665 | Vaults:2 | well that didn't go well
 67114 | Vaults:3 | Killed Margery
 67114 | Vaults:3 | Reached skill level 24 in Fighting
 67198 | Vaults:3 | all that and she didn't have anything anyway :(
 67527 | Vaults:4 | Found a flickering gateway to a bazaar.
 67569 | Bazaar   | Entered a bazaar
 67571 | Bazaar   | Found Siah's Antique Armour Boutique.
 67574 | Bazaar   | Found Haross's Book Boutique.
 67575 | Bazaar   | Found Yfehicw's Magic Scroll Boutique.
 67575 | Bazaar   | Found Ullud's Jewellery Boutique.
 67605 | Bazaar   | Bought a scroll of fog for 20 gold pieces
 67605 | Bazaar   | Bought a scroll of teleportation for 30 gold pieces
 67605 | Bazaar   | Bought a scroll of enchant weapon for 75 gold pieces
 67605 | Bazaar   | Bought a scroll of enchant armour for 75 gold pieces
 67605 | Bazaar   | Bought a scroll of summoning for 95 gold pieces
 67605 | Bazaar   | Bought a scroll of enchant weapon for 75 gold pieces
 67613 | Bazaar   | Bought the ring "Urchaxt" {rPois rF+} for 544 gold pieces
 68562 | Vaults:4 | Received a gift from Okawaru
 68591 | Vaults:4 | Identified a +1 pair of boots of running (Okawaru gifted it to you on level 4 of the Vaults)
 68591 | Vaults:4 | yay!
 68591 | Vaults:4 | oka finally coming through
 68785 | Vaults:4 | yikes
 68802 | Vaults:3 | Reached XP level 23. HP: 185/211 MP: 26/28
 69030 | Vaults:3 | Reached skill level 25 in Fighting
 69036 | Vaults:3 | i trained that too high
 70154 | Depths:1 | Entered Level 1 of the Depths
 70162 | Depths:1 | Found a one-way gate to the infinite horrors of the Abyss.
 70252 | Depths:1 | Found Queheij's Jewellery Shoppe.
 70253 | Depths:1 | Found Maitec's Gadget Boutique.
 70254 | Depths:1 | Found Tyukhlor's Gadget Boutique.
 70268 | Depths:1 | Bought a sack of spiders for 340 gold pieces
 70379 | D:15     | Reached skill level 8 in Evocations
 71011 | Depths:1 | Received a gift from Okawaru
 71207 | Depths:1 | that's some quality writing
 71313 | Depths:1 | Got a dazzling trident
 71341 | Depths:1 | Found a gateway to Hell.
 71371 | Depths:1 | Reached skill level 9 in Evocations
 71742 | Depths:1 | Received a gift from Okawaru
 72082 | Depths:1 | Received a gift from Okawaru
 72156 | Depths:1 | Reached skill level 10 in Evocations
 72748 | Depths:2 | Reached skill level 20 in Crossbows
 73704 | Depths:2 | Found a one-way gate leading to the halls of Pandemonium.
 73705 | Depths:2 | Reached XP level 24. HP: 220/220 MP: 28/28
 73968 | Depths:2 | Received a gift from Okawaru
 73969 | Depths:2 | Identified the +0 hat of Twilight {*Contam rN+ rCorr Int+3} (Okawaru gifted it to you on level 2 of the Depths)
 74718 | Depths:2 | Reached skill level 21 in Crossbows
 74959 | Depths:2 | Found an iron altar of Okawaru.
 75040 | Depths:2 | Got an opalescent robe
 75071 | Depths:2 | Got a bloodstained crystal plate armour
 75072 | Depths:2 | Identified the +10 crystal plate armour "Jolomu" {rN+ Stlth+} (You found it on level 2 of the Depths)
 75178 | Depths:3 | Noticed Xtahua
 75313 | Depths:3 | Killed Xtahua
 75749 | Depths:3 | Received a gift from Okawaru
 76015 | Depths:3 | omg this lag is too much
 76116 | Depths:3 | Found a runed warning-scrawled door.
 76504 | Depths:3 | Received a gift from Okawaru
 76781 | Depths:3 | Received a gift from Okawaru
 77037 | Depths:3 | Reached skill level 11 in Evocations
 77046 | Depths:3 | ugh
 77596 | Depths:3 | Reached skill level 19 in Armour
 77598 | Depths:3 | Received a gift from Okawaru
 77695 | Depths:3 | Reached skill level 13 in Invocations
 77798 | Depths:3 | Identified the Collected Works on Creative Heat
 77991 | Depths:3 | Found a runed door.
 77991 | Depths:3 | Found a runed door.
 78003 | Depths:3 | Identified the +7 triple sword "Gisutsaz" {freeze, Str+6} (You took it off a merfolk impaler on level 3 of the Depths)
 78216 | Depths:3 | ugh
 78291 | Depths:3 | Received a gift from Okawaru
 78664 | Depths:4 | Reached XP level 25. HP: 223/227 MP: 29/29
 78891 | Depths:4 | Reached skill level 12 in Evocations
 78947 | Depths:4 | Found a gateway to a ziggurat.
 78947 | Depths:4 | Noticed an ancient lich
 78962 | Depths:4 | Killed an ancient lich
 78962 | Depths:4 | Received a gift from Okawaru
 78991 | Depths:4 | Reached skill level 22 in Crossbows
 79002 | Depths:4 | Received a gift from Okawaru
 79223 | Depths:4 | Received a gift from Okawaru
 79281 | Depths:4 | Found a transporter.
 79389 | Depths:4 | Received a gift from Okawaru
 79397 | Depths:4 | Found a transporter.
 79773 | Depths:4 | this is so stupid i absolutely should just leave this alone
 79801 | Depths:4 | Reached skill level 13 in Evocations
 79812 | Depths:4 | Cast into level 4 of the Abyss (the power of Zot)
 79813 | Abyss:4  | Found a corrupted altar of Lugonu.
 80091 | Abyss:4  | Received a gift from Okawaru
 80156 | Depths:4 | Escaped the Abyss
 80274 | Depths:4 | ah
 80316 | Depths:4 | Identified the ring "Jahiesuxt" {+Fly rElec MR++ Str-2 Stlth-} (You found it on level 4 of the Depths)
 80332 | Depths:4 | Identified the ring "Imiattube" {Wiz rC+ Str+4 Slay+5} (You found it on level 4 of the Depths)
 80397 | Depths:5 | Entered Level 5 of the Depths
 80403 | Depths:5 | Gained mutation: You expend magic power (3 MP) to strengthen your wands. [a Zot trap]
 80499 | Depths:5 | Received a gift from Okawaru
 80656 | Depths:5 | Reached skill level 14 in Evocations
 80662 | Depths:4 | Received a gift from Okawaru
 80939 | Depths:5 | Reached skill level 14 in Invocations
 82013 | Depths:5 | Noticed a juggernaut
 82018 | Depths:5 | Killed a juggernaut
 82051 | Depths:5 | Reached skill level 15 in Evocations
 82251 | Depths:5 | Reached XP level 26. HP: 182/235 MP: 30/30
 82302 | Depths:5 | Reached skill level 15 in Invocations
 82368 | Depths:5 | Found a gate to the Realm of Zot.
 82538 | Depths:5 | Received a gift from Okawaru
 82718 | Depths:5 | Received a gift from Okawaru
 82906 | Depths:5 | Received a gift from Okawaru
 82924 | Depths:5 | Received a gift from Okawaru
 83290 | Depths:5 | Reached skill level 18 in Dodging
 83483 | Depths:5 | Received a gift from Okawaru
 84080 | Vaults:5 | Entered Level 5 of the Vaults
 84111 | Vaults:5 | uh this might have been a mistake lol
 84381 | Vaults:5 | oh no the tele trap is gone now
 84385 | Vaults:4 | Received a gift from Okawaru
 84567 | Vaults:5 | Received a gift from Okawaru
 84581 | Vaults:5 | Reached skill level 26 in Fighting
 84674 | Vaults:4 | Reached skill level 19 in Dodging
 84889 | Vaults:5 | Received a gift from Okawaru
 84922 | Vaults:5 | Received a gift from Okawaru
 84975 | Vaults:5 | Received a gift from Okawaru
 85166 | Vaults:5 | Reached XP level 27. HP: 246/246 MP: 30/30
 85339 | Vaults:5 | Got a distressingly furry scale mail
 85675 | Vaults:5 | Got a warped wooden ring
 85678 | Vaults:5 | Identified the ring of Huntixtui {rElec AC+2 Str+5 Slay+3} (You took it off a vault warden on level 5 of the Vaults)
 85966 | Vaults:5 | Got a silver rune of Zot
 86165 | Vaults:5 | Got a faintly glowing arbalest
 86166 | Vaults:5 | Identified the +7 arbalest "Dily" {velocity, rF++ rN+++ Str-3 Stlth-} (You took it off a vault warden on level 5 of the Vaults)
 86211 | Vaults:5 | glad i checked what that was. that's my oof killer
 86335 | Vaults:5 | Identified the Guide on Malediction and Snow
 86531 | Vaults:5 | Learned a level 2 spell: Swiftness
 86788 | Vaults:5 | Received a gift from Okawaru
 87126 | D:8      | oops
 87260 | Snake:1  | Killed Roxanne
 87269 | Snake:1  | Identified Roxanne's Disquisition on Transmigration (You took it off Roxanne on level 1 of the Snake Pit)
 88216 | Zot:1    | Entered Level 1 of the Realm of Zot
 88248 | Zot:1    | Received a gift from Okawaru
 88248 | Zot:1    | Reached skill level 20 in Dodging
 88534 | Orc:2    | Bought a scroll of recharging for 114 gold pieces
 88666 | Depths:1 | Bought a sack of spiders for 440 gold pieces
 88666 | Depths:1 | Bought a box of beasts for 440 gold pieces
 88670 | Depths:1 | Bought a phantom mirror for 510 gold pieces
 88670 | Depths:1 | Bought a phantom mirror for 510 gold pieces
 89138 | Zot:1    | Received a gift from Okawaru
 89687 | Zot:1    | Reached skill level 20 in Armour
 89759 | Zot:1    | Reached skill level 27 in Fighting
 89771 | Zot:1    | Noticed an orb of fire
 89787 | Zot:1    | Killed an orb of fire
 90412 | Zot:1    | Received a gift from Okawaru
 90568 | Zot:1    | Received a gift from Okawaru
 91016 | Zot:2    | Received a gift from Okawaru
 91026 | Zot:2    | Reached skill level 23 in Crossbows
 91037 | Zot:2    | Received a gift from Okawaru
 91055 | Zot:2    | Received a gift from Okawaru
 91087 | Zot:2    | Reached skill level 21 in Armour
 91087 | Zot:2    | Reached skill level 21 in Dodging
 91106 | Zot:2    | i don't know what i would have done on a normal character here
 91106 | Zot:2    | jeez
 91157 | Zot:2    | Noticed an orb of fire
 91158 | Zot:2    | Gained mutation: You are dopey. (Int -2) [an orb of fire]
 91162 | Zot:2    | Gained mutation: Armour fits poorly on your strangely shaped body. [an orb of fire]
 91164 | Zot:2    | Killed an orb of fire
 91173 | Zot:2    | Noticed an orb of fire
 91177 | Zot:2    | Gained mutation: You are weak. (Str -2) [an orb of fire]
 91188 | Zot:2    | Killed an orb of fire
 91235 | Zot:2    | Received a gift from Okawaru
 91301 | Zot:2    | Lost mutation: Armour fits poorly on your strangely shaped body. [potion of mutation]
 91301 | Zot:2    | Lost mutation: Your magical capacity is low. (-10% MP) [potion of mutation]
 91301 | Zot:2    | Lost mutation: You are dopey. (Int -2) [potion of mutation]
 91301 | Zot:2    | Lost mutation: You expend magic power (3 MP) to strengthen your wands. [potion of mutation]
 91301 | Zot:2    | Gained mutation: You have a pair of small antennae on your head. [potion of mutation]
 91372 | Zot:2    | Identified a scroll of acquirement
 92065 | Zot:2    | Received a gift from Okawaru
 92066 | Zot:2    | Identified the scarf "Giroem" {Dex+3} (Okawaru gifted it to you on level 2 of the Realm of Zot)
 92080 | Zot:2    | Noticed an orb of fire
 92261 | Zot:2    | Lost mutation: You are agile. (Dex +2) [an orb of fire]
 92265 | Zot:2    | Gained mutation: You are clumsy. (Dex -2) [an orb of fire]
 92279 | Zot:1    | Killed an orb of fire
 93200 | Zot:3    | Found a large runed door.
 93200 | Zot:3    | Found a large runed door.
 94386 | Zot:3    | Reached skill level 16 in Evocations
 94599 | Zot:3    | Found a large runed door.
 94599 | Zot:3    | Found a large runed door.
 94809 | Zot:3    | Received a gift from Okawaru
 94810 | Zot:3    | Identified the +12 arbalest of Syes {venom, rF+ rN+ SInv} (Okawaru gifted it to you on level 3 of the Realm of Zot)
 94815 | Zot:3    | where were these gifts before zot? huh oka?
 94824 | Zot:3    | oops
 94973 | Zot:3    | Reached skill level 17 in Evocations
 95648 | Zot:3    | Reached skill level 18 in Evocations
 95652 | Zot:3    | Received a gift from Okawaru
 96109 | Zot:3    | Received a gift from Okawaru
 96334 | Zot:3    | Reached skill level 19 in Evocations
 96400 | Zot:3    | Received a gift from Okawaru
 96988 | Zot:4    | ugh
 96996 | Zot:4    | Reached skill level 22 in Armour
 97621 | Zot:4    | Reached skill level 22 in Dodging
 97976 | Zot:4    | Noticed an orb of fire
 97976 | Zot:4    | Gained mutation: You are very weak. (Str -4) [an orb of fire]
 97989 | Zot:4    | Killed an orb of fire
 97989 | Zot:4    | Reached skill level 24 in Crossbows
 98379 | Zot:5    | Entered Level 5 of the Realm of Zot
 98597 | Zot:5    | Received a gift from Okawaru
 99150 | Zot:5    | Received a gift from Okawaru
 99263 | Zot:5    | Noticed an ancient lich
 99269 | Zot:5    | Killed an ancient lich
 99383 | Zot:5    | Noticed an ancient lich
 99432 | Zot:5    | Noticed an orb of fire
 99434 | Zot:5    | Gained mutation: You are very clumsy. (Dex -4) [an orb of fire]
 99450 | Zot:5    | Killed an orb of fire
 99450 | Zot:5    | Reached skill level 23 in Armour
 99513 | Zot:5    | Noticed an ancient lich
 99518 | Zot:5    | Killed an ancient lich
 99659 | Zot:5    | Noticed an ancient lich
 99665 | Zot:5    | Killed an ancient lich
 99691 | Zot:5    | Received a gift from Okawaru
 99693 | Zot:5    | Identified the +1 long sword of Impermanence {slice, rPois MP+9 Str+5} (Okawaru gifted it to you on level 5 of the Realm of Zot)
 99795 | Zot:5    | Reached skill level 23 in Dodging
 99872 | Zot:5    | Received a gift from Okawaru
 99906 | Zot:5    | Noticed an orb of fire
 99910 | Zot:5    | Gained mutation: Potions are less effective at restoring your health. [an orb of fire]
 99914 | Zot:5    | Killed an orb of fire
 99914 | Zot:5    | Reached skill level 16 in Invocations
 99916 | Zot:5    | Noticed an ancient lich
 99919 | Zot:5    | Killed an ancient lich
 99921 | Zot:5    | Killed an ancient lich
100028 | Zot:5    | Reached skill level 17 in Invocations
100064 | Zot:5    | Received a gift from Okawaru
100417 | Zot:5    | Received a gift from Okawaru
100709 | Zot:5    | oops
101030 | Zot:5    | Got the Orb of Zot
101063 | Zot:5    | Reached skill level 18 in Invocations
101463 | D:10     | Noticed Jevvueh the pandemonium lord
101728 | D:$      | Escaped with the Orb!

Skill      XL: |  1  2  3  4  5  6  7  8  9 10 11 12 13 14 15 16 17 18 19 20 21 22 23 24 25 26 27 |
---------------+----------------------------------------------------------------------------------+-----
Long Blades    | 3 4 5 6 7 8 9 |  9.0
Fighting       | 4 6 9 10 12 16 18 19 20 22 24 25 26 27 | 27.0
Armour         | 4 7 8 11 12 13 14 16 18 19 23 | 23.3
Dodging        | 2 5 7 10 12 15 16 17 19 23 | 23.0
Crossbows      | 1 4 7 9 10 13 16 17 18 19 20 21 22 24 | 24.6
Invocations    | 3 6 9 11 12 13 14 15 18 | 18.1
Evocations     | 6 7 10 11 15 19 | 19.0
Shields        | |  3.2

Action                   |  1- 3 |  4- 6 |  7- 9 | 10-12 | 13-15 | 16-18 | 19-21 | 22-24 | 25-27 || total
-------------------------+-------+-------+-------+-------+-------+-------+-------+-------+-------++-------
Melee: Long sword        |   159 |   321 |   311 |       |       |       |       |       |       ||   791
       Great sword       |       |       |    41 |    64 |       |   105 |   153 |   106 |    27 ||   496
       Scimitar          |       |       |       |   339 |   514 |   762 |       |       |       ||  1615
       Arbalest          |       |       |       |       |       |       |     1 |       |       ||     1
 Fire: Hand crossbow     |       |       |    41 |   308 |   788 |  1103 |       |       |       ||  2240
       Blowgun           |       |       |       |       |     2 |       |       |       |       ||     2
       Arbalest          |       |       |       |       |       |   245 |  1292 |   541 |   145 ||  2223
       Triple crossbow   |       |       |       |       |       |       |       |   659 |  1777 ||  2436
Throw: Stone             |    27 |    43 |    11 |       |       |       |       |       |       ||    81
Invok: Heroism           |       |       |     7 |    16 |    18 |    24 |    18 |    26 |    44 ||   153
       Finesse           |       |       |       |     5 |     6 |     5 |     8 |     7 |    31 ||    62
 Abil: Hop               |       |     2 |    10 |    16 |    17 |    38 |    27 |    22 |    20 ||   152
       Stop Flying       |       |       |       |     1 |       |     1 |       |       |       ||     2
       Evoke Flight      |       |       |       |       |       |     1 |       |       |       ||     1
Evoke: Wand              |       |     4 |     5 |     2 |     6 |    26 |    22 |    10 |    33 ||   108
       Lightning rod     |       |       |       |       |       |       |       |       |     4 ||     4
  Use: Scroll            |       |     8 |     3 |    12 |    13 |    10 |     7 |    15 |    24 ||    92
       Potion            |       |       |       |     1 |       |     1 |     4 |     7 |     9 ||    22
  Eat: Chunk             |     4 |    13 |    22 |    29 |    44 |    48 |    34 |    43 |    18 ||   255
       Fruit             |       |       |       |     2 |       |     7 |       |     4 |     5 ||    18
       Royal jelly       |       |       |       |     1 |     2 |     1 |     1 |     1 |     2 ||     8
       Meat ration       |       |       |       |       |       |     3 |     1 |       |     2 ||     6
       Bread ration      |       |       |       |       |       |       |       |       |     9 ||     9
Armor: Scale mail        |    68 |   124 |     6 |       |       |       |       |       |       ||   198
       Chain mail        |       |       |    87 |   114 |   339 |   145 |       |       |       ||   685
       Ring mail         |       |       |    47 |    76 |       |       |       |       |       ||   123
       Plate armour      |       |       |       |       |       |   427 |   393 |   205 |       ||  1025
       Skin              |       |       |       |       |       |       |       |     4 |       ||     4
       Crystal plate arm |       |       |       |       |       |       |       |    95 |   662 ||   757
Dodge: Dodged            |    45 |    95 |    79 |   271 |   406 |   576 |   625 |   428 |   684 ||  3209
Block: Shield            |    67 |   138 |   114 |   180 |   319 |       |       |       |       ||   818
       Buckler           |       |     4 |       |       |       |       |       |       |       ||     4
       Large shield      |       |       |       |       |   145 |  1051 |       |       |       ||  1196
       Rpst.: Long sword |    15 |    33 |    13 |       |       |       |       |       |       ||    61
       Great sword       |       |       |    11 |    14 |       |    17 |    53 |    25 |     9 ||   129
       Scimitar          |       |       |       |    27 |    56 |    60 |       |       |       ||   143

Vault maps used:
D:1:      dpeg_arrival_lava_temple_mockup
D:2:      gammafunk_temple_overflow_wave, first_bread, supply_closet_lemuel
D:3:      nicolae_tso_carved_into_rock, okawaru_altar_gauntlet_db
D:4:      uniq_ijyb, uniq_crazy_yiuf_cottage
D:5:      nicolae_overflow_hidden_temple, marbit_many_paths,
          kennysheep_slug_shrine, minmay_temple_entry_poolview
D:6:      nicolae_ashenzari_panopticon, serial_shops, shop, uniq_sigmund,
          uniq_edmund, uniq_menkaure, uniq_grinder
D:7:      serial_shops, nicolae_shop_temple_entry_statues_fountains,
          grunt_livestock
D:8:      zin_scriptorium, kennysheep_mini_moat, basic_altar,
          serial_park_tiny_2, lemuel_old_faithful, uniq_psyche
D:9:      serial_shops, shop
D:11:     lair_entry_dummy, david_orc_5, fountainhead, uniq_urug
D:12:     grunt_ministairs_8
D:13:     lightli_vaults_fourway_checkpoint
D:15:     hangedman_depths_entry_try_elsewhere_first, nicolae_ru_awakened_eye
Temple:   minmay_temple_bridge_abc
Lair:1:   lemuel_fruit_fields, uniq_erica
Lair:2:   minmay_shoals_entry_hut, guppyfry_snake_entry_garden, serial_bayou,
          serial_bayou_pond_c, serial_bayou_shore_b, serial_bayou_crossing,
          serial_bayou_lagoon_a, kennysheep_snail_temple
Lair:3:   grunt_forest_large_clearing_hut
Lair:4:   basic_altar, gammafunk_lair_bear_cave, lemuel_fruit_tree
Lair:6:   gammafunk_lair_ancient_temple, dpeg_slime_entry_enclosed_altar,
          bh_autumn_forest_stairs, hangedman_lair_unloving_vines,
          minmay_another_anthill
Shoals:1: nicolae_shoals_circle_sea_wall
Shoals:3: serial_shops, nicolae_shop_temple_entry_statues_fountains,
          uniq_polyphemus, uniq_jorgrun
Shoals:4: shoals_end_grunt_garden, shoal_ilsuiw
Snake:1:  portal_ice_cave_entry_horrid_things, st_stairs_3, grunt_ministairs_10,
          uniq_roxanne
Snake:3:  basic_stair_grate_trap
Snake:4:  grunt_snake_rune_pools, basic_altar, dpeg_stationary_puzzle
Orc:2:    grunt_orc_cross
Vaults:1: vaults_room_pool, nicolae_vaults_arrows, v_misc_17, v_alt_pattern_1,
          vaults_mumra_hex, nicolae_vaults_what_the_h, dpeg_vaults_monster_box,
          grunt_vaults_trifunnel, dpeg_vaults_monster_row,
          vaults_dpeg_encased_lava, serial_ice_h, vaults_dpeg_diagonal
Vaults:2: v_pattern_2, hangedman_vaults_capsules, nicolae_vaults_specimen_jars,
          hangedman_vaults_slice, vaults_dpeg_cross, v_misc_5,
          ontoclasm_vaults_tryst, uniq_mara, uniq_mennas
Vaults:3: ontoclasm_vaults_shuriken, minmay_crypt_entry_simple_sparse,
          nicolae_vaults_little_squares_4, nicolae_vaults_angled_halls,
          ontoclasm_vaults_misaligned, v_misc_19,
          nicolae_vaults_windows_and_doors_thing, uniq_margery
Vaults:4: st_more_cells, grunt_vaults_focal, v_misc_11,
          nicolae_vaults_little_squares_5, vaults_dpeg_doors,
          vaults_room_corners, hangedman_vaults_nails, v_misc_29,
          hangedman_vaults_impose, v_misc_33, v_rooms_1, vaults_room_grid,
          vaults_room_hallway, grunt_vaults_hallway_short, serial_shops,
          bzr_firewalk
Vaults:5: serial_shops, uniq_sojobo, uniq_saint_roka
Depths:1: abyss_entry, kennysheep_another_room, pf_coc_iceberg,
          minmay_misc_feat_iff, minivault_11, minmay_guarded_unrand_curses,
          minmay_shop_grove
Depths:2: evilmike_iron_armoury, hell_entry, roderic_lattice_a,
          rand_demon_pan_entry_8
Depths:3: grunt_house_of_mirrors, grunt_hell_horde, pan_entry, kennysheep_boxes,
          mikee_hates_you, infiniplex_staircase_pool_2, uniq_xtahua
Depths:4: gammafunk_its_a_trap, enter_ziggurat_d, grunt_decor_fettered,
          hangedman_tar_grid_catacomb, abyss_entry
Depths:5: grunt_zot_entry_pinwheel, grunt_hell_entry_dis_grunt,
          serial_sigils_hangedman_carve, roderic_lattice_octagonal_star
Zot:1:    st_stairs_3, st_single_dragon_hoard_1
Zot:2:    hangedman_zot_vaults_quadrants, lemuel_lake_of_fire
Zot:3:    kennysheep_ambush_hall, st_stairs_12,
          chequers_guarded_unrand_mask_of_the_dragon
Abyss:4:  nicolae_abyss_rune_left_handed
Bazaar:   bazaar_minmay_cross
IceCv:    ice_cave_small_demon

Table legend:
 A = Turns spent in this place as a percentage of turns spent in the entire game.
 B = Non-inter-level travel turns spent in this place as a percentage of non-inter-level travel turns spent in the entire game.
 C = Inter-level travel turns spent in this place as a percentage of turns spent in this place.
 D = Turns resting spent in this place as a percentage of non-inter-level travel turns spent in this place.
 E = Turns spent auto-exploring this place as a percentage of non-inter-level travel turns spent in this place.
 F = Non-inter-level travel turns spent in this place divided by the number of levels of this place that you've seen.
                   A       B       C       D       E      F
               +-------+-------+-------+-------+-------+----------------------
         Total | 100.0 | 100.0 |   0.8 |   3.1 |   1.5 | 868.2
       Dungeon |  24.0 |  24.0 |   1.1 |   3.1 |   1.5 | 694.3
        Temple |   0.0 |   0.0 |   5.9 |   0.0 |  81.2 |  16.0
          Lair |  10.1 |  10.1 |   0.9 |   2.6 |   1.5 | 733.3
        Shoals |   9.4 |   9.4 |   0.7 |   3.0 |   1.2 | 1016.2
     Snake Pit |  10.2 |  10.2 |   0.6 |   4.5 |   1.1 | 1110.8
  Orcish Mines |   3.2 |   3.2 |   1.1 |   1.3 |   2.3 | 702.5
        Vaults |  16.6 |  16.7 |   0.6 |   2.6 |   1.5 | 1447.0
        Depths |  14.5 |  14.5 |   0.9 |   2.6 |   1.5 | 1255.2
           Zot |   9.7 |   9.7 |   0.6 |   4.4 |   2.2 | 844.2
         Abyss |   0.6 |   0.6 |   0.0 |   3.7 |   0.0 | 269.0
        Bazaar |   0.1 |   0.1 |   0.0 |   0.0 |  26.3 |  38.0
      Ice Cave |   1.4 |   1.4 |   0.0 |   3.7 |   0.2 | 628.0
               +-------+-------+-------+-------+-------+----------------------

Table legend:
 A = Kills in this place as a percentage of kills in entire the game.
 B = Kills by you in this place as a percentage of kills by you in the entire game.
 C = Kills by friends in this place as a percentage of kills by friends in the entire game.
 D = Other kills in this place as a percentage of other kills in the entire game.
 E = Experience gained in this place as a percentage of experience gained in the entire game.
 F = Experience gained in this place divided by the number of levels of this place that you have seen.
                   A       B       C       D       E      F
               +-------+-------+-------+-------+-------+----------------------
         Total | 100.0 | 100.0 | 100.0 | 100.0 | 100.0 | 39520.0
       Dungeon |  20.2 |  20.3 |   0.0 |   0.0 |   4.9 | 6414.3
          Lair |   8.2 |   8.3 |   0.0 |   0.0 |   3.4 | 11340.7
        Shoals |   6.0 |   6.0 |   0.0 |   0.0 |   4.7 | 23114.8
     Snake Pit |   9.9 |   9.9 |   0.0 |   0.0 |   7.9 | 38802.0
  Orcish Mines |   3.6 |   3.6 |   0.0 |   0.0 |   0.9 | 9223.0
        Vaults |  22.4 |  22.3 | 100.0 |   0.0 |  23.4 | 92654.2
        Depths |  16.4 |  16.4 |   0.0 | 100.0 |  21.0 | 83017.0
           Zot |  10.9 |  10.9 |   0.0 |   0.0 |  32.3 | 127765.4
         Abyss |   1.3 |   1.3 |   0.0 |   0.0 |   1.1 | 22317.0
      Ice Cave |   1.0 |   1.0 |   0.0 |   0.0 |   0.3 | 6128.0
               +-------+-------+-------+-------+-------+----------------------
